3L
CHICAGO HAWKS @ TOLEDO STINGERS
08/07/2029
 
TOP OF THE 1ST
Chicago Hawks batting - Pitching for Toledo Stingers : RHP Rob Silva
Pitching: RHP Rob Silva
Batting: RHB Luis Rodríguez 0-0: Swinging Strike
0-1: Ball
1-1: Swinging Strike
1-2: SINGLE (Groundball, 15S) (infield hit)
Batting: RHB Paddy Hodnett 0-0: Grounds into double play, 4-6-3 (Groundball, 4)
Batting: LHB Jeff Simpson 0-0: Ball
1-0: SINGLE (Groundball, 4MD)
Batting: RHB Enrique Marroquín 0-0: Ball
1-0: Ball
2-0: Ball
3-0: Called Strike
3-1: Base on Balls
Jeff Simpson to second
Batting: LHB Curt Wilson 0-0: Ground out 4-3 (Groundball, 4)
Top of the 1st over - 0 runs, 2 hits, 0 errors, 2 left on base; Chicago 0 - Toledo 0
BOTTOM OF THE 1ST
Toledo Stingers batting - Pitching for Chicago Hawks : RHP Lucas Begay
Pitching: RHP Lucas Begay
Batting: SHB Dylan Carson 0-0: Called Strike
0-1: Foul Ball, location: 2F
0-2: Ball
1-2: Ball
2-2: Foul Ball, location: 2F
2-2: Ball
3-2: Foul Ball, location: 2F
3-2: SINGLE (Line Drive, 6MD)
Batting: RHB Alfredo Martínez 0-0: Ball
1-0: Ground out 3-1 (Groundball, 34S)
Dylan Carson to second
Batting: RHB Hugo Rampley 0-0: Foul Ball, location: 2F
0-1: Foul Ball, location: 2F
0-2: SINGLE (Flyball, 9LM)
Dylan Carson to third
Runner from 3rd tries for Home, SAFE, no throw
Batting: RHB Francis Kelly 0-0: Grounds into double play, 5-4-3 (Groundball, 5L)
Bottom of the 1st over - 1 run, 2 hits, 0 errors, 0 left on base; Chicago 0 - Toledo 1
TOP OF THE 2ND
Chicago Hawks batting - Pitching for Toledo Stingers : RHP Rob Silva
Batting: RHB Curt Kenney 0-0: Called Strike
0-1: Ball
1-1: Called Strike
1-2: Ball
2-2: Strikes out swinging
Batting: SHB Juan Ortega 0-0: Ball
1-0: SINGLE (Groundball, 34D)
Batting: RHB Vincente Rotham 0-0: Ball
1-0: Called Strike
Juan Ortega is caught stealing 2nd base
1-1: Called Strike
1-2: Ground out 4-3 (Groundball, 4)
Top of the 2nd over - 0 runs, 1 hit, 0 errors, 0 left on base; Chicago 0 - Toledo 1
BOTTOM OF THE 2ND
Toledo Stingers batting - Pitching for Chicago Hawks : RHP Lucas Begay
Batting: SHB Eugene Clutch 0-0: Ground out 5-3 (Groundball, 5)
Batting: LHB Michael Neely 0-0: Fly out, F8 (Flyball, 8RM)
Batting: RHB Héctor Rivera 0-0: Ball
1-0: Called Strike
1-1: Called Strike
1-2: Foul Ball, location: 2F
1-2: Ball
2-2: Foul Ball, location: 2F
2-2: Foul Ball, location: 2F
2-2: SINGLE (Groundball, 6D)
Batting: LHB Locke Lamora 0-0: Ball
1-0: Called Strike
1-1: Called Strike
1-2: Ball
2-2: Ball
3-2: Strikes out swinging
Bottom of the 2nd over - 0 runs, 1 hit, 0 errors, 1 left on base; Chicago 0 - Toledo 1
TOP OF THE 3RD
Chicago Hawks batting - Pitching for Toledo Stingers : RHP Rob Silva
Batting: LHB Perry Bothof 0-0: Called Strike
0-1: Called Strike
0-2: Ball
1-2: SINGLE (Groundball, 56D)
Batting: RHB Luis Rodríguez 0-0: Foul Ball, location: 2F
0-1: Called Strike
0-2: Ball
1-2: Ball
2-2: Foul Ball, location: 2F
2-2: Foul Ball, location: 2F
2-2: Ground out U3 (Groundball, 34S)
Perry Bothof to second
Batting: RHB Paddy Hodnett 0-0: Ball
1-0: Ball
2-0: Called Strike
2-1: SINGLE (Line Drive, 4M)
Perry Bothof to third
Batting: LHB Jeff Simpson 0-0: Ball
1-0: Fly out, F9 (Line Drive, 9)
Runner from 3rd tags up, OUT at HOME
Top of the 3rd over - 0 runs, 2 hits, 0 errors, 1 left on base; Chicago 0 - Toledo 1
BOTTOM OF THE 3RD
Toledo Stingers batting - Pitching for Chicago Hawks : RHP Lucas Begay
Batting: RHB Ken Little 0-0: SINGLE (Groundball, 4S) (infield hit)
Batting: SHB Dylan Carson 0-0: Called Strike
0-1: Ball
1-1: Foul Ball, location: 2F
1-2: Foul Ball, location: 2F
1-2: Foul Ball, location: 2F
1-2: Foul Ball, location: 2F
1-2: Foul Ball, location: 2F
1-2: Fielders Choice at 2nd, 4-6 (Groundball, 4)
Batting: RHB Alfredo Martínez 0-0: Fly out, F7 (Flyball, 78M)
Batting: RHB Hugo Rampley 0-0: Ball
1-0: Ball
2-0: Called Strike
2-1: Ball
3-1: Foul Ball, location: 2F
3-2: Foul Ball, location: 2F
3-2: SINGLE (Flyball, 89S)
Dylan Carson to second
Dylan Carson to third
Batting: RHB Francis Kelly 0-0: Ball
1-0: Swinging Strike
1-1: Ground out 1-3 (Groundball, 13S)
Bottom of the 3rd over - 0 runs, 2 hits, 0 errors, 2 left on base; Chicago 0 - Toledo 1
TOP OF THE 4TH
Chicago Hawks batting - Pitching for Toledo Stingers : RHP Rob Silva
Batting: RHB Enrique Marroquín 0-0: Ball
1-0: Ball
2-0: Called Strike
2-1: Fly out, F9 (Flyball, 9S)
Batting: LHB Curt Wilson 0-0: Ball
1-0: Called Strike
1-1: Fly out, F8 (Line Drive, 8RD)
Batting: RHB Curt Kenney 0-0: Called Strike
0-1: Ball
1-1: Ball
2-1: Foul Ball, location: 2F
2-2: Foul Ball, location: 2F
2-2: Strikes out swinging
Top of the 4th over - 0 runs, 0 hits, 0 errors, 0 left on base; Chicago 0 - Toledo 1
BOTTOM OF THE 4TH
Toledo Stingers batting - Pitching for Chicago Hawks : RHP Lucas Begay
Batting: SHB Eugene Clutch 0-0: Called Strike
0-1: SINGLE (Groundball, 5D)
Batting: LHB Michael Neely 0-0: Called Strike
0-1: Ball
1-1: Ball
2-1: Foul Ball, location: 2F
2-2: Ball
3-2: Grounds into double play, 4-6-3 (Groundball, 4)
Batting: RHB Héctor Rivera 0-0: Ball
1-0: Called Strike
1-1: Foul Ball, location: 2F
1-2: Strikes out swinging
Bottom of the 4th over - 0 runs, 1 hit, 0 errors, 0 left on base; Chicago 0 - Toledo 1
TOP OF THE 5TH
Chicago Hawks batting - Pitching for Toledo Stingers : RHP Rob Silva
Batting: SHB Juan Ortega 0-0: Ball
1-0: Ball
2-0: Foul Ball, location: 2F
2-1: Ball
3-1: Foul Ball, location: 2F
3-2: Foul Ball, location: 2F
3-2: Foul Ball, location: 2F
3-2: Foul Ball, location: 2F
3-2: Base on Balls
Batting: RHB Vincente Rotham 0-0: Ball
Juan Ortega steals 2nd base
1-0: Foul Ball, location: 2F
1-1: Fly out, F8 (Flyball, 8RM)
Batting: LHB Perry Bothof 0-0: Ground out 1-3 (Groundball, 13)
Juan Ortega to third
Batting: RHB Luis Rodríguez 0-0: Ball
1-0: Ball
2-0: Called Strike
2-1: Foul Ball, location: 2F
2-2: Ball
3-2: Ground out 6-3 (Groundball, 6)
Top of the 5th over - 0 runs, 0 hits, 0 errors, 1 left on base; Chicago 0 - Toledo 1
BOTTOM OF THE 5TH
Toledo Stingers batting - Pitching for Chicago Hawks : RHP Lucas Begay
Batting: LHB Locke Lamora 0-0: Called Strike
0-1: Ball
1-1: Ball
2-1: Swinging Strike
2-2: Ball
3-2: Base on Balls
Batting: RHB Ken Little 0-0: Ball
1-0: SINGLE (Groundball, 56D)
Locke Lamora to second
Batting: SHB Dylan Carson 0-0: Called Strike
0-1: Ball
1-1: Ball
2-1: Foul Ball, location: 2F
2-2: Ball
3-2: Grounds into double play, 4-6-3 (Groundball, 4)
Locke Lamora to third
Batting: RHB Alfredo Martínez 0-0: Ball
1-0: Ground out 5-3 (Groundball, 56)
Bottom of the 5th over - 0 runs, 1 hit, 0 errors, 1 left on base; Chicago 0 - Toledo 1
TOP OF THE 6TH
Chicago Hawks batting - Pitching for Toledo Stingers : RHP Rob Silva
Batting: RHB Paddy Hodnett 0-0: Foul Ball, location: 2F
0-1: Ball
1-1: Fly out, F9 (Flyball, 9D)
Batting: LHB Jeff Simpson 0-0: Swinging Strike
0-1: Ball
1-1: Fly out, F3 (Popup, 3F)
Batting: RHB Enrique Marroquín 0-0: Called Strike
0-1: Ball
1-1: SINGLE (Line Drive, 78M)
Batting: LHB Curt Wilson 0-0: SINGLE (Line Drive, 9S)
Enrique Marroquín to second
Batting: RHB Curt Kenney 0-0: Foul Ball, location: 2F
0-1: Fly out, F3 (Popup, 3SF)
Top of the 6th over - 0 runs, 2 hits, 0 errors, 2 left on base; Chicago 0 - Toledo 1
BOTTOM OF THE 6TH
Toledo Stingers batting - Pitching for Chicago Hawks : RHP Lucas Begay
Batting: RHB Hugo Rampley 0-0: Ball
1-0: Ball
2-0: Swinging Strike
2-1: Foul Ball, location: 2F
2-2: Strikes out swinging
Batting: RHB Francis Kelly 0-0: Foul Ball, location: 2F
0-1: Ball
1-1: Foul Ball, location: 2F
1-2: Foul Ball, location: 2F
1-2: Ball
2-2: Ball
3-2: Foul Ball, location: 2F
3-2: Base on Balls
Batting: SHB Eugene Clutch 0-0: 2-RUN HOME RUN (Flyball, 9LD), Distance : 373 ft
Batting: LHB Michael Neely 0-0: Ball
1-0: Called Strike
1-1: Foul Ball, location: 2F
1-2: Ball
2-2: Ball
3-2: Base on Balls
Batting: RHB Héctor Rivera 0-0: Foul Ball, location: 2F
0-1: Swinging Strike
0-2: Ball
1-2: Ball
2-2: Foul Ball, location: 2F
2-2: Foul Ball, location: 2F
2-2: Grounds into double play, 6-4-3 (Groundball, 6)
Bottom of the 6th over - 2 runs, 1 hit, 0 errors, 0 left on base; Chicago 0 - Toledo 3
TOP OF THE 7TH
Chicago Hawks batting - Pitching for Toledo Stingers : RHP Dave Mitchell
Pitching: RHP Dave Mitchell
Batting: SHB Juan Ortega 0-0: Called Strike
0-1: Foul Ball, location: 2F
0-2: Foul Ball, location: 2F
0-2: Strikes out looking
Batting: RHB Vincente Rotham 0-0: Ball
1-0: Called Strike
1-1: Swinging Strike
1-2: Ball
2-2: Foul Ball, location: 2F
2-2: Fly out, F9 (Flyball, 9S)
Batting: LHB Perry Bothof 0-0: Called Strike
0-1: Called Strike
0-2: Ball
1-2: Fly out, F8 (Flyball, 8LM)
Top of the 7th over - 0 runs, 0 hits, 0 errors, 0 left on base; Chicago 0 - Toledo 3
BOTTOM OF THE 7TH
Toledo Stingers batting - Pitching for Chicago Hawks : RHP Lucas Begay
Batting: LHB Locke Lamora 0-0: Ball
1-0: Ball
2-0: Fly out, F8 (Flyball, 8RD)
Batting: RHB Ken Little 0-0: Called Strike
0-1: Foul Ball, location: 2F
0-2: Strikes out swinging
Batting: SHB Dylan Carson 0-0: Fly out, F7 (Flyball, 7LM)
Bottom of the 7th over - 0 runs, 0 hits, 0 errors, 0 left on base; Chicago 0 - Toledo 3
TOP OF THE 8TH
Chicago Hawks batting - Pitching for Toledo Stingers : RHP Dave Mitchell
Batting: RHB Luis Rodríguez 0-0: DOUBLE (Line Drive, 9LM)
Batting: RHB Paddy Hodnett 0-0: Called Strike
0-1: Fly out, F8 (Line Drive, 89D)
Runner from 2nd tags up, SAFE at 3rd, no throw
Batting: LHB Jeff Simpson 0-0: Ball
1-0: Ball
2-0: Ball
3-0: Base on Balls
Batting: RHB Enrique Marroquín 0-0: Ball
1-0: Fielders Choice at 2nd, 1-6 (Groundball, 13)
Batting: LHB Curt Wilson 0-0: Called Strike
0-1: Ball
1-1: Ball
2-1: Ground out 4-3 (Groundball, 4)
Top of the 8th over - 0 runs, 1 hit, 0 errors, 2 left on base; Chicago 0 - Toledo 3
BOTTOM OF THE 8TH
Toledo Stingers batting - Pitching for Chicago Hawks : RHP Lucas Begay
Batting: RHB Alfredo Martínez 0-0: Called Strike
0-1: Ball
1-1: Ground out 6-3 (Groundball, 6MD)
Batting: RHB Hugo Rampley 0-0: Ball
1-0: Ball
2-0: Ball
3-0: Base on Balls
Pitching: RHP Benny York
Batting: RHB Francis Kelly 0-0: Foul Ball, location: 2F
0-1: Swinging Strike
0-2: Strikes out looking
Batting: SHB Eugene Clutch 0-0: Called Strike
0-1: Ball
1-1: Foul Ball, location: 2F
1-2: DOUBLE (Groundball, 3L)
Hugo Rampley to third
Batting: LHB Michael Neely 0-0: Ball
1-0: Ball
2-0: Ball
3-0: Called Strike
3-1: Swinging Strike
3-2: Fly out, F7 (Flyball, 78M)
Bottom of the 8th over - 0 runs, 1 hit, 0 errors, 2 left on base; Chicago 0 - Toledo 3
TOP OF THE 9TH
Chicago Hawks batting - Pitching for Toledo Stingers : RHP Dave Mitchell
Pitching: LHP An Jang-Yop
Batting: RHB Curt Kenney 0-0: Called Strike
0-1: Swinging Strike
0-2: Ball
1-2: Strikes out swinging
Batting: SHB Juan Ortega 0-0: Called Strike
0-1: Ball
1-1: Foul Ball, location: 2F
1-2: Foul Ball, location: 2F
1-2: Foul Ball, location: 2F
1-2: Ball
2-2: Ball
3-2: Strikes out looking
Batting: RHB Vincente Rotham 0-0: Called Strike
0-1: Ball
1-1: Foul Ball, location: 2F
1-2: Foul Ball, location: 2F
1-2: Fly out, F7 (Flyball, 7D)
Top of the 9th over - 0 runs, 0 hits, 0 errors, 0 left on base; Chicago 0 - Toledo 3
Tuesday, December 19th, 2017 - OOTP Baseball 18.8 Build 76